 Dungeon Crawl Stone Soup version 0.23-b1-67-g8bd44de8e4 (webtiles) character file.

Game seed: 3052598764567265345

396 Descartes the Insei (level 6, -11/38 HPs)
             Began as an Octopode Transmuter on Feb 5, 2019.
             Mangled by an iguana (14 damage)
             ... on level 4 of the Dungeon.
             The game lasted 00:15:14 (4631 turns).

Descartes the Insei (Octopode Transmuter)           Turns: 4631, Time: 00:15:15

Health: -11/38     AC:  1    Str:  6 (9)  XL:     6   Next: 83%
Magic:  10/10      EV: 14    Int: 19 (21) God:
Gold:   165        SH:  0    Dex: 11 (14) Spells: 3/11 levels left

rFire    . . .     SeeInvis .     - Unarmed
rCold    . . .     Gourm    .   (no shield)
rNeg     . . .     Faith    .   (helmet restricted)
rPois    .         Spirit   .   (no amulet)
rElec    .         Reflect  .   (no ring)
rCorr    .         Harm     .   (no ring)
MR       .....                  (no ring)
Stlth    ++........             (no ring)
HPRegen  0.12/turn              (no ring)
MPRegen  0.12/turn              (no ring)
                                (no ring)
                                (no ring)

@: brilliant
A: almost no armour, stealthy swim, amphibious, 8 rings, constrict 8, camouflage
1, gelatinous body 1
a: no special abilities


You were on level 4 of the Dungeon.
You were not hungry.

You visited 1 branch of the dungeon, and saw 4 of its levels.

You collected 165 gold pieces.

Inventory:

Hand Weapons
 b - a +0 hunting sling
 f - a +2 mace of crushing
 i - a +0 spear
 r - a +1 short sword of freezing
Missiles
 a - 38 arrows
 d - 224 stones (quivered)
 m - 47 bolts
 q - 16 poisoned needles
Wands
 p - a wand of acid (4)
Scrolls
 e - 2 scrolls of remove curse
 g - 4 scrolls of blinking
 l - 4 scrolls of teleportation
Potions
 j - a potion of berserk rage
 o - 2 potions of might
Comestibles
 c - 7 rations
 t - 5 chunks of flesh


   Skills:
 - Level 1.0 Fighting
 + Level 3.3 Dodging
 * Level 4.8 Unarmed Combat
 + Level 3.2 Spellcasting
 * Level 4.3 Transmutations


You had 3 spell levels left.
You knew the following spells:

 Your Spells              Type           Power        Failure   Level  Hunger
a - Beastly Appendage     Tmut           ####..       1%          1    None
b - Sticks to Snakes      Tmut           ####....     1%          2    ##.....
c - Blade Hands           Tmut           ####......   8%          5    ######.

Your spell library contained the following spells:

 Spells                   Type           Power        Failure   Level  Hunger
 Magic Dart               Conj           ##..         1%          1    None
 Blink                    Tloc           N/A          2%          2    ##.....
 Call Imp                 Summ           ##......     2%          2    ##.....
 Slow                     Hex            ##......     2%          2    ##.....
 Spider Form              Tmut/Pois      ###.......   2%          3    ###....
 Conjure Flame            Conj/Fire      ##......     5%          3    ###....
 Mephitic Cloud           Conj/Pois/Air  ##......     5%          3    ###....
 Ice Form                 Ice/Tmut       ###.....     7%          4    ####...


Dungeon Overview and Level Annotations

Branches:
Dungeon (4/15)
 Temple: D:4-7

Altars:
Ashenzari
Cheibriados
Fedhas
Okawaru
Qazlal
Uskayaw
Zin


Innate Abilities, Weirdness & Mutations

You cannot wear most types of armour.
You are very stealthy in the water. (Stealth+)
You are amphibious.
You can wear up to eight rings at the same time.
You can use your tentacles to constrict eight enemies at once.
Your skin changes colour to match your surroundings (Stealth+).
Your rubbery body absorbs attacks. (AC +1, EV +1)


Message History

The iguana barely misses you. The dart slug misses you.
You tentacle-slap the iguana.
The iguana is heavily wounded.
You constrict the dart slug.
You constrict the iguana, but do no damage.
The iguana bites you!
* * * LOW HITPOINT WARNING * * *
Okay, then.
You tentacle-slap the dart slug but do no damage.
The dart slug is severely wounded.
You constrict the dart slug. You constrict the iguana.
The iguana closely misses you. The dart slug closely misses you.
You tentacle-slap the dart slug.
You kill the dart slug!
You constrict the iguana, but do no damage.
The iguana closely misses you.
You tentacle-slap the iguana.
The iguana is severely wounded.
You constrict the iguana. The iguana bites you!
You die...

#.......
##......#
#.......#.
#!....#...
##..#....
#......#
##.#†l..#
#..>@.#.#
#.......#
#...÷#.##
#####...<#..##
#......÷)....#
#..........#.#
#.....(....#.#
#..........# #
#..........#


You could see an iguana.

Vanquished Creatures
  A water moccasin skeleton (D:4)
  A howler monkey (D:4)
  A hound (D:4)
  A worker ant (D:4)
  Robin (D:3)
  3 gnolls (D:3)
  10 adders
  A worm (D:2)
  3 dart slugs
  A leopard gecko (D:3)
  An orc (D:3)
  13 bats
  2 giant cockroaches
  17 goblins
  20 hobgoblins
  10 jackals
  2 quokkas (D:3)
  4 frilled lizards
  12 kobolds
  12 rats
116 creatures vanquished.

Notes
Turn   | Place    | Note
-------+----------+-------------------------------------------
     0 | D:1      | Descartes the Octopode Transmuter began the quest for the
                  | Orb.
     0 | D:1      | Reached XP level 1. HP: 13/13 MP: 3/3
   226 | D:1      | Reached XP level 2. HP: 8/18 MP: 5/5
   830 | D:1      | Found an iron altar of Okawaru.
   848 | D:1      | Reached XP level 3. HP: 19/23 MP: 6/6
   852 | D:1      | Learned a level 2 spell: Sticks to Snakes
  1296 | D:2      | Found a glowing silver altar of Zin.
  1296 | D:2      | Found a shattered altar of Ashenzari.
  1424 | D:2      | Reached XP level 4. HP: 6/28 MP: 7/7
  2540 | D:2      | Reached XP level 5. HP: 26/33 MP: 8/8
  2666 | D:2      | Learned a level 5 spell: Blade Hands
  3039 | D:2      | Found a snail-covered altar of Cheibriados.
  3700 | D:3      | Found a stormy altar of Qazlal.
  3704 | D:3      | Found a blossoming altar of Fedhas.
  3736 | D:3      | Found a hide-covered altar of Uskayaw.
  4303 | D:3      | Noticed Robin
  4326 | D:3      | Killed Robin
  4326 | D:3      | Reached XP level 6. HP: 18/38 MP: 5/10
  4631 | D:4      | Mangled by an iguana

Skill      XL: |  1  2  3  4  5  6 |
---------------+-------------------+-----
Transmutations | 3 4 |  4.3
Unarmed Combat | 4 |  4.8
Dodging        | 3 |  3.3
Spellcasting   | 3 |  3.2
Fighting       | |  1.0

Action                   |  1- 3 |  4- 6 || total
-------------------------+-------+-------++-------
Melee: Unarmed           |    42 |   169 ||   211
       Constrict         |    21 |    55 ||    76
       Tentacles         |    13 |    37 ||    50
       Punch             |     2 |     7 ||     9
       Kick              |     4 |    17 ||    21
       Spear             |    39 |     7 ||    46
 Fire: Hunting sling     |       |    37 ||    37
 Cast: Beastly Appendage |     4 |    12 ||    16
       Sticks to Snakes  |       |     1 ||     1
  Use: Scroll            |     1 |     6 ||     7
       Potion            |       |     6 ||     6
 Stab: Sleeping          |       |     6 ||     6
  Eat: Chunk             |     2 |    10 ||    12
Armor: Skin              |     9 |    14 ||    23
Dodge: Dodged            |    56 |   136 ||   192
